[Event "ESP-chT Primera Division 2019"]
[Site "Linares"]
[Date "2019.08.29"]
[Round "4.19"]
[White "Delorme, Axel"]
[Black "Matnadze, Ana"]
[Result "1-0"]
[ECO "B10"]
[WhiteElo "2489"]
[BlackElo "2363"]
[Annotator "ChessBase"]
[PlyCount "125"]
[EventDate "2019.08.26"]
[EventType "team-tourn"]
[EventCountry "ESP"]
[SourceTitle "playchess.com"]
[Source "ChessBase"]
[SourceQuality "1"]
[TimeControl "5400+30"]

1. e4 c6 2. Nf3 d5 3. d3 g6 4. e5 Bg7 5. d4 Bg4 6. Nbd2 f6 7. h3 Bxf3 8. Nxf3 Nd7 9. exf6 exf6 10. Bd3 Qe7+ 11. Be2 Bh6 12. O-O Kf7 13. c4 Qd6 14. Qb3 Rb8 15. Re1 Bxc1 16. Raxc1 Ne7 17. Bf1 Rhe8 18. Rc3 dxc4 19. Bxc4+ Nd5 20. Rxe8 Kxe8 21. Bxd5 cxd5 22. Qc2 Kf7 23. Rc7 a6 24. h4 h5 25. g3 Qe6 26. Kg2 b5 27. Qc1 Rb6 28. Qh6 Qe8 29. Qh7+ Ke6 30. Rc3 Kd6 31. Re3 Nf8 32. Qg7 Qd8 33. Qf7 Rb8 34. Rc3 b4 35. Rc5 Ne6 36. Rc2 b3 37. axb3 Rxb3 38. Nd2 Rb4 39. Qxg6 Nxd4 40. Rc3 Rxb2 41. Nf3 Ne6 42. Re3 Qb6 43. Qxf6 Qxe3 44. Qxb2 Qe4 45. Qa3+ Nc5 46. Qc3 Nd3 47. Qf6+ Kc5 48. Kg1 a5 49. Qc3+ Kb6 50. Qf6+ Kb5 51. Nd4+ Kc4 52. Nc2 Ne5 53. Ne3+ Kb5 54. Qd6 Nf3+ 55. Kf1 Nd2+ 56. Ke2 d4 57. Kxd2 dxe3+ 58. fxe3 Qb4+ 59. Qxb4+ Kxb4 60. g4 hxg4 61. h5 g3 62. Ke2 g2 63. Kf2 1-0

[Event "ESP-chT Primera Division 2019"]
[Site "Linares"]
[Date "2019.08.29"]
[Round "4.20"]
[White "Gonzalez Merino, Alberto"]
[Black "Alsina Leal, Daniel"]
[Result "0-1"]
[ECO "D04"]
[WhiteElo "2226"]
[BlackElo "2477"]
[Annotator "ChessBase"]
[PlyCount "75"]
[EventDate "2019.08.26"]
[EventType "team-tourn"]
[EventCountry "ESP"]
[SourceTitle "playchess.com"]
[Source "ChessBase"]
[SourceQuality "1"]
[TimeControl "5400+30"]

1. Nf3 d5 2. d4 Nf6 3. e3 Bf5 4. Nh4 Be4 5. f3 Bg6 6. Nd2 e6 7. Nxg6 hxg6 8. Bd3 g5 9. O-O c5 10. c3 Nc6 11. a3 Qc7 12. g3 Bd6 13. Qe1 cxd4 14. exd4 O-O-O 15. Kg2 e5 16. dxe5 Nxe5 17. Bf5+ Kb8 18. Nb3 g4 19. Nd4 Rde8 20. Qd2 gxf3+ 21. Nxf3 g6 22. Bh3 Neg4 23. Re1 Qc4 24. b3 Qxb3 25. Rxe8+ Rxe8 26. Qd3 Ne5 27. Nxe5 Bxe5 28. Bd2 d4 29. Re1 Qd5+ 30. Qf3 dxc3 31. Bg5 Qxf3+ 32. Kxf3 Nh7 33. Bf4 f6 34. Bd7 Rd8 35. Bxe5+ fxe5 36. Ba4 Rd3+ 37. Kf2 Nf6 38. Bc2 0-1

[Event "ESP-chT Primera Division 2019"]
[Site "Linares"]
[Date "2019.08.29"]
[Round "4.21"]
[White "Alonso Moyano, Jonathan"]
[Black "Rodriguez Amezqueta, Carlos"]
[Result "1/2-1/2"]
[ECO "C02"]
[WhiteElo "2358"]
[BlackElo "2063"]
[Annotator "NA"]
[PlyCount "35"]
[EventDate "2019.08.26"]
[EventType "team-tourn"]
[EventCountry "ESP"]
[SourceTitle "playchess.com"]
[Source "ChessBase"]
[SourceQuality "1"]
[TimeControl "5400+30"]

1. e4 e6 2. d4 d5 3. e5 c5 4. c3 Qb6 5. Nf3 Nc6 6. a3 Bd7 7. b4 cxd4 8. cxd4 Rc8 9. Be2 a5 10. b5 Nxd4 11. Nxd4 Rxc1 12. Qxc1 Qxd4 13. Qc7 Qxa1 14. Qb8+ Ke7 15. Qd6+ Ke8 16. Qb8+ Ke7 17. Qd6+ Ke8 18. Qb8+ {Qd4 Bf1+} 1/2-1/2

[Event "ESP-chT Primera Division 2019"]
[Site "Linares"]
[Date "2019.08.29"]
[Round "4.22"]
[White "Fernandez Gonzalez, Juan Carlos"]
[Black "Martinez Ramirez, Erik"]
[Result "0-1"]
[ECO "D86"]
[WhiteElo "2396"]
[BlackElo "2217"]
[Annotator "NA"]
[PlyCount "56"]
[EventDate "2019.08.26"]
[EventType "team-tourn"]
[EventCountry "ESP"]
[SourceTitle "playchess.com"]
[Source "ChessBase"]
[SourceQuality "1"]
[TimeControl "5400+30"]

1. d4 Nf6 2. c4 g6 3. Nc3 d5 4. cxd5 Nxd5 5. e4 Nxc3 6. bxc3 Bg7 7. Bc4 c5 8. Ne2 O-O 9. O-O Nc6 10. Be3 Na5 11. Bd3 b6 12. Rc1 e5 13. dxc5 Be6 14. c4 Nb7 15. cxb6 axb6 16. Qc2 Ra3 17. Nc3 Nc5 18. Bxc5 bxc5 19. Rb1 Bd7 20. Rb3 Ba4 21. Nxa4 Rxa4 22. Rb5 Ra3 23. Rd1 Qa8 24. Rxc5 Rxa2 25. Qb1 Qa7 26. Qb5 Rb8 27. Qc6 Bf8 28. Bb1 Rab2 0-1

[Event "ESP-chT Primera Division 2019"]
[Site "Linares"]
[Date "2019.08.29"]
[Round "4.23"]
[White "Rivas Garcia, Victor"]
[Black "Vaya Gomez, Alejandro"]
[Result "1-0"]
[ECO "B06"]
[WhiteElo "2165"]
[BlackElo "2032"]
[Annotator "NA"]
[PlyCount "125"]
[EventDate "2019.08.26"]
[EventType "team-tourn"]
[EventCountry "ESP"]
[SourceTitle "playchess.com"]
[Source "ChessBase"]
[SourceQuality "1"]
[TimeControl "5400+30"]

1. e4 g6 2. d4 Bg7 3. Nc3 d6 4. f4 a6 5. Nf3 b5 6. Bd3 Bb7 7. Be3 Nd7 8. e5 e6 9. a4 b4 10. Ne4 Ne7 11. O-O O-O 12. Qe1 a5 13. exd6 Nf5 14. dxc7 Qxc7 15. Ne5 Rad8 16. Bf2 Nf6 17. Nc5 Ba8 18. c3 Nd5 19. Bxf5 exf5 20. Bh4 Rd6 21. Qd2 Nxc3 22. bxc3 Qxc5 23. Be7 bxc3 24. Bxd6 Qxd6 25. Qxc3 Rd8 26. Rac1 Bf8 27. Rfd1 Qd5 28. Rc2 Qe4 29. Qc7 Bd5 30. Rf2 Re8 31. Qxa5 Bh6 32. Qb5 Rd8 33. Qd3 f6 34. Qxe4 Bxe4 35. Nc4 Bf8 36. Ne3 Kf7 37. Ra2 Bd6 38. g3 g5 39. fxg5 fxg5 40. Rf2 Kg6 41. Rdf1 f4 42. Nc4 Bb8 43. Ne5+ Bxe5 44. dxe5 f3 45. Rxf3 Bxf3 46. Rxf3 Ra8 47. Ra3 Ra5 48. Kf2 g4 49. e6 Kf6 50. Re3 Ke7 51. Re4 h5 52. Ke3 Rd5 53. Ke2 Rf5 54. Kd3 Rf2 55. Re2 Rf8 56. Kc4 Rc8+ 57. Kb5 Rb8+ 58. Kc6 Ra8 59. Ra2 Kxe6 60. a5 Ke5 61. a6 Ke4 62. a7 Kf3 63. Kb7 1-0

[Event "ESP-chT Primera Division 2019"]
[Site "Linares"]
[Date "2019.08.29"]
[Round "4.24"]
[White "Iglesias Ferreira, Andres"]
[Black "Garcia-Castany Musellas, Gal.la"]
[Result "0-1"]
[ECO "C54"]
[WhiteElo "1845"]
[BlackElo "2149"]
[Annotator "NA"]
[PlyCount "37"]
[EventDate "2019.08.26"]
[EventType "team-tourn"]
[EventCountry "ESP"]
[SourceTitle "playchess.com"]
[Source "ChessBase"]
[SourceQuality "1"]
[TimeControl "5400+30"]

1. e4 e5 2. Nf3 Nc6 3. d4 exd4 4. Bc4 Bc5 5. c3 Nf6 6. cxd4 Bb4+ 7. Bd2 Bxd2+ 8. Nbxd2 Nxe4 9. Bxf7+ Kxf7 10. Nxe4 Re8 11. Qe2 d5 12. Nfg5+ Kg6 13. f4 h6 14. h4 hxg5 15. h5+ Kh7 16. O-O-O Rxe4 17. Qc2 Bf5 18. g4 Bxg4 19. Rhg1 0-1

[Event "ESP-chT Primera Division 2019"]
[Site "Linares"]
[Date "2019.08.30"]
[Round "5.2"]
[White "Plazuelo Pascual, Juan"]
[Black "Rodriguez Amezqueta, Carlos"]
[Result "1-0"]
[ECO "A40"]
[WhiteElo "2411"]
[BlackElo "2063"]
[Annotator "NA"]
[PlyCount "77"]
[EventDate "2019.08.26"]
[EventType "team-tourn"]
[EventCountry "ESP"]
[SourceTitle "playchess.com"]
[Source "ChessBase"]
[SourceQuality "1"]
[TimeControl "5400+30"]

1. d4 e6 2. Nf3 f5 3. g3 Nf6 4. Bg2 g6 5. O-O Bg7 6. c4 O-O 7. Nc3 d6 8. Re1 Ne4 9. Qc2 Nxc3 10. bxc3 e5 11. e4 Nc6 12. exf5 Bxf5 13. Qb3 Rb8 14. c5+ Kh8 15. cxd6 cxd6 16. dxe5 Bg4 17. Re3 Nxe5 18. Nxe5 Bxe5 19. Ba3 Re8 20. Rae1 Qd7 21. c4 Bg7 22. Qb4 Rxe3 23. Rxe3 Qf5 24. Be4 Qf6 25. Qxd6 Qxd6 26. Bxd6 Rd8 27. Bxb7 Rxd6 28. Re8+ Bf8 29. Rxf8+ Kg7 30. Rf4 Bh3 31. Bd5 Rb6 32. Rf7+ Kh6 33. Rb7 Ra6 34. Bg8 Bf5 35. Rxh7+ Kg5 36. c5 Rc6 37. Bd5 Rxc5 38. f4+ Kg4 39. Rh4# 1-0

[Event "ESP-chT Primera Division 2019"]
[Site "Linares"]
[Date "2019.08.30"]
[Round "5.3"]
[White "Fernandez Gonzalez, Juan Carlos"]
[Black "Rubio Mejia, Luis Ignacio"]
[Result "0-1"]
[ECO "E11"]
[WhiteElo "2396"]
[BlackElo "2435"]
[Annotator "NA"]
[PlyCount "84"]
[EventDate "2019.08.26"]
[EventType "team-tourn"]
[EventCountry "ESP"]
[SourceTitle "playchess.com"]
[Source "ChessBase"]
[SourceQuality "1"]
[TimeControl "5400+30"]

1. d4 Nf6 2. c4 e6 3. Nf3 Bb4+ 4. Bd2 a5 5. a3 Bxd2+ 6. Qxd2 b6 7. g3 Bb7 8. Bg2 O-O 9. O-O d6 10. Nc3 Ne4 11. Qc2 Nxc3 12. Qxc3 a4 13. c5 bxc5 14. dxc5 d5 15. Rfd1 Qf6 16. Qb4 Ra7 17. Qd2 Nc6 18. Rab1 Ba6 19. e4 Bc4 20. exd5 exd5 21. Re1 h6 22. Qe3 Rb7 23. Nd2 Ba2 24. Rbd1 Rxb2 25. Qd3 Bb3 26. Rc1 Nd4 27. Nf3 Ne6 28. c6 Rd8 29. h4 Rd6 30. Qe3 d4 31. Qe5 Qxe5 32. Nxe5 d3 33. Nc4 Bxc4 34. Rxc4 d2 35. Rd1 Rd4 36. Rc3 Kf8 37. Kf1 Ke7 38. Ke2 Rd6 39. Re3 Kd8 40. Rd3 Nd4+ 41. Kf1 Nb5 42. Rxd6+ cxd6 0-1

[Event "ESP-chT Primera Division 2019"]
[Site "Linares"]
[Date "2019.08.30"]
[Round "5.4"]
[White "Almagro Llamas, Pablo"]
[Black "Vaya Gomez, Alejandro"]
[Result "1-0"]
[ECO "B06"]
[WhiteElo "2453"]
[BlackElo "2032"]
[Annotator "ChessBase"]
[PlyCount "45"]
[EventDate "2019.08.26"]
[EventType "team-tourn"]
[EventCountry "ESP"]
[SourceTitle "playchess.com"]
[Source "ChessBase"]
[SourceQuality "1"]
[TimeControl "5400+30"]

1. d4 g6 2. e4 Bg7 3. Nc3 d6 4. Be3 Nc6 5. d5 Nb8 6. Bd4 Nf6 7. f3 c6 8. Nge2 O-O 9. Qd2 a6 10. a4 a5 11. Ng3 Na6 12. Bc4 Nb4 13. Bb3 h6 14. O-O Nd7 15. Bxg7 Kxg7 16. f4 cxd5 17. exd5 Nf6 18. Rae1 Re8 19. f5 Qb6+ 20. Kh1 g5 21. Nce4 Nxe4 22. Rxe4 Na6 23. Nh5+ 1-0

[Event "ESP-chT Primera Division 2019"]
[Site "Linares"]
[Date "2019.08.30"]
[Round "5.5"]
[White "Iglesias Ferreira, Andres"]
[Black "Cabrera Trujillo, Jorge"]
[Result "1-0"]
[ECO "B06"]
[WhiteElo "1845"]
[BlackElo "2308"]
[Annotator "NA"]
[PlyCount "87"]
[EventDate "2019.08.26"]
[EventType "team-tourn"]
[EventCountry "ESP"]
[SourceTitle "playchess.com"]
[Source "ChessBase"]
[SourceQuality "1"]
[TimeControl "5400+30"]

1. e4 g6 2. d4 Bg7 3. Nc3 d6 4. Be3 Nd7 5. Qd2 a6 6. f3 e5 7. Nge2 Ngf6 8. g4 h5 9. g5 Nh7 10. h4 b5 11. Bh3 Bb7 12. Bxd7+ Qxd7 13. dxe5 Bxe5 14. f4 Bg7 15. O-O-O f5 16. Nd5 fxe4 17. Ng3 O-O 18. f5 Be5 19. fxg6 Bxg3 20. gxh7+ Kg7 21. Nf6 Qf7 22. Rhg1 Qxa2 23. Qc3 Be5 24. Nxh5+ Kg6 25. Nf4+ Rxf4 26. h5+ Kg7 27. Bd4 Qe6 28. Bxe5+ Qxe5 29. Qxe5+ dxe5 30. Rd7+ Rf7 31. h6+ Kxh7 32. Rxf7+ Kg6 33. Rg7+ Kf5 34. h7 Bd5 35. Rxc7 Kg6 36. Ra7 Rc8 37. Rh1 Rh8 38. Rxa6+ Kxg5 39. Rd6 Bf7 40. Rb6 Bc4 41. b3 Be2 42. Kd2 Bf3 43. Rg1+ Kf4 44. Rf6# 1-0

[Event "ESP-chT Primera Division 2019"]
[Site "Linares"]
[Date "2019.08.30"]
[Round "5.6"]
[White "Rodrigo Yanguas, Maria"]
[Black "Garcia Elio, Elisa"]
[Result "1-0"]
[ECO "C02"]
[WhiteElo "2079"]
[BlackElo "1812"]
[Annotator "NA"]
[PlyCount "55"]
[EventDate "2019.08.26"]
[EventType "team-tourn"]
[EventCountry "ESP"]
[SourceTitle "playchess.com"]
[Source "ChessBase"]
[SourceQuality "1"]
[TimeControl "5400+30"]

1. e4 e6 2. d4 d5 3. e5 c5 4. c3 Nc6 5. Nf3 Qb6 6. Bd3 Bd7 7. O-O cxd4 8. cxd4 Nb4 9. Nc3 Nxd3 10. Qxd3 Ne7 11. Rd1 Nf5 12. g4 Nh6 13. h3 Be7 14. Ng5 f5 15. exf6 Bxf6 16. Nxh7 O-O-O 17. Bxh6 Bxd4 18. Qxd4 Qxd4 19. Rxd4 Rxh7 20. Bg5 Rf8 21. Rc1 Kb8 22. Bf4+ Ka8 23. Kg2 Bc6 24. Be5 Rfh8 25. Rh1 Rf8 26. a4 g5 27. Rc1 Rhf7 28. Rc2 1-0

[Event "ESP-chT Primera Division 2019"]
[Site "Linares"]
[Date "2019.08.30"]
[Round "5.7"]
[White "Alonso Alvarez, Aitor"]
[Black "Delorme, Axel"]
[Result "0-1"]
[ECO "C78"]
[WhiteElo "2305"]
[BlackElo "2489"]
[Annotator "ChessBase"]
[PlyCount "70"]
[EventDate "2019.08.26"]
[EventType "team-tourn"]
[EventCountry "ESP"]
[SourceTitle "playchess.com"]
[Source "ChessBase"]
[SourceQuality "1"]
[TimeControl "5400+30"]

1. e4 e5 2. Nf3 Nc6 3. Bb5 a6 4. Ba4 Nf6 5. O-O Bc5 6. c3 b5 7. Bb3 d6 8. d3 O-O 9. Be3 Bxe3 10. fxe3 Ne7 11. Qe1 Ng6 12. Nh4 Nxh4 13. Qxh4 a5 14. a3 c5 15. Nd2 c4 16. dxc4 Qb6 17. cxb5 a4 18. Ba2 Be6 19. Bxe6 fxe6 20. c4 Qxe3+ 21. Qf2 Qd3 22. Qe1 Ng4 23. Rxf8+ Rxf8 24. h3 Qd4+ 25. Kh1 Nf2+ 26. Kh2 Nd3 27. Qh4 Nf4 28. Qe1 Nd3 29. Qh4 Nc5 30. Qe1 Rf2 31. Rd1 Nd3 32. Nf3 Rxf3 33. Rxd3 Rxd3 34. Qa5 h6 35. b6 Qxe4 0-1

[Event "ESP-chT Primera Division 2019"]
[Site "Linares"]
[Date "2019.08.30"]
[Round "5.8"]
[White "Alsina Leal, Daniel"]
[Black "Andres Gonzalez, Ivan"]
[Result "1-0"]
[ECO "B90"]
[WhiteElo "2477"]
[BlackElo "2284"]
[Annotator "ChessBase"]
[PlyCount "73"]
[EventDate "2019.08.26"]
[EventType "team-tourn"]
[EventCountry "ESP"]
[SourceTitle "playchess.com"]
[Source "ChessBase"]
[SourceQuality "1"]
[TimeControl "5400+30"]

1. e4 c5 2. Nf3 d6 3. d4 cxd4 4. Nxd4 Nf6 5. Nc3 a6 6. Bd3 e5 7. Nde2 Be7 8. O-O Be6 9. f4 Qc7 10. Kh1 Nbd7 11. f5 Bc4 12. Be3 Rc8 13. a4 b6 14. b3 Bxd3 15. Qxd3 Qb7 16. Rad1 h5 17. Nd5 Nxd5 18. exd5 h4 19. c4 b5 20. cxb5 axb5 21. axb5 h3 22. g3 Bd8 23. Nc3 Nf6 24. Bg5 Ba5 25. Ne2 Rc5 26. Bxf6 gxf6 27. g4 Rxb5 28. Rf3 Rh4 29. Rg3 Ke7 30. Qf3 Rb4 31. g5 Bb6 32. g6 Kf8 33. Rxh3 Bc5 34. Qg3 Rhg4 35. Rh8+ Ke7 36. gxf7 Kxf7 37. Rh7+ 1-0

[Event "ESP-chT Primera Division 2019"]
[Site "Linares"]
[Date "2019.08.30"]
[Round "5.9"]
[White "Vergara Anton, Diego"]
[Black "Alonso Moyano, Jonathan"]
[Result "1/2-1/2"]
[ECO "A46"]
[WhiteElo "2128"]
[BlackElo "2358"]
[Annotator "NA"]
[PlyCount "65"]
[EventDate "2019.08.26"]
[EventType "team-tourn"]
[EventCountry "ESP"]
[SourceTitle "playchess.com"]
[Source "ChessBase"]
[SourceQuality "1"]
[TimeControl "5400+30"]

1. d4 Nf6 2. Nf3 e6 3. g3 b5 4. e3 a6 5. a4 b4 6. c4 Bb7 7. Bg2 Be7 8. O-O O-O 9. Nbd2 d6 10. b3 Nbd7 11. Bb2 c5 12. Qe2 Re8 13. Rac1 Bf8 14. Rfd1 Qc7 15. Qd3 Rad8 16. Qb1 Qb8 17. Ne1 Bxg2 18. Nxg2 Qb7 19. Qa1 Ne4 20. Nxe4 Qxe4 21. Qb1 Qxb1 22. Rxb1 a5 23. h4 g6 24. dxc5 Nxc5 25. Bd4 Nd7 26. Rd2 Rc8 27. e4 Rc6 28. Rbd1 Ra8 29. f3 Raa6 30. Ne1 Bg7 31. Bxg7 Kxg7 32. Nd3 d5 33. exd5 1/2-1/2

[Event "ESP-chT Primera Division 2019"]
[Site "Linares"]
[Date "2019.08.30"]
[Round "5.10"]
[White "Martinez Ramirez, Erik"]
[Black "Gonzalez Guedes, Iyan"]
[Result "1/2-1/2"]
[ECO "B51"]
[WhiteElo "2217"]
[BlackElo "2115"]
[Annotator "NA"]
[PlyCount "115"]
[EventDate "2019.08.26"]
[EventType "team-tourn"]
[EventCountry "ESP"]
[SourceTitle "playchess.com"]
[Source "ChessBase"]
[SourceQuality "1"]
[TimeControl "5400+30"]

1. e4 c5 2. Nf3 d6 3. Bb5+ Nd7 4. d4 cxd4 5. Qxd4 a6 6. Bxd7+ Bxd7 7. c4 Rc8 8. Nc3 e5 9. Qd3 h6 10. O-O Nf6 11. a4 Be6 12. b3 Be7 13. Ba3 Qb6 14. Rab1 O-O 15. Nxe5 Rfd8 16. Nd5 Bxd5 17. cxd5 Re8 18. Nc4 Qd8 19. a5 Bf8 20. Rfe1 g6 21. Rbd1 Nd7 22. f4 Nc5 23. Bxc5 Rxc5 24. e5 g5 25. exd6 Rxe1+ 26. Rxe1 Bxd6 27. fxg5 Rxd5 28. Qxd5 Bxh2+ 29. Kxh2 Qxd5 30. gxh6 Qh5+ 31. Kg1 Qxh6 32. Re3 f5 33. g3 f4 34. gxf4 Qxf4 35. Kg2 Kg7 36. Rg3+ Kh7 37. Rf3 Qe4 38. Kf2 Kg6 39. Re3 Qd4 40. Ke2 Kf5 41. Rd3 Qc5 42. Kd2 Qb4+ 43. Kc2 Ke6 44. Rd4 Ke7 45. Rh4 Kd8 46. Rh8+ Kd7 47. Nb6+ Kd6 48. Rh6+ Ke5 49. Nc4+ Kd4 50. Rh4+ Kc5 51. Re4 Kd5 52. Re3 Kd4 53. Rd3+ Kc5 54. Kb2 Qe1 55. Rd7 Kc6 56. Rd6+ Kc7 57. Rb6 Qf2+ 58. Ka3 1/2-1/2

[Event "ESP-chT Primera Division 2019"]
[Site "Linares"]
[Date "2019.08.30"]
[Round "5.11"]
[White "Badillo Ramos, Steve"]
[Black "Rivas Garcia, Victor"]
[Result "0-1"]
[ECO "C06"]
[WhiteElo "1967"]
[BlackElo "2165"]
[Annotator "NA"]
[PlyCount "48"]
[EventDate "2019.08.26"]
[EventType "team-tourn"]
[EventCountry "ESP"]
[SourceTitle "playchess.com"]
[Source "ChessBase"]
[SourceQuality "1"]
[TimeControl "5400+30"]

1. e4 e6 2. d4 d5 3. Nd2 Nf6 4. e5 Nfd7 5. Bd3 c5 6. c3 Nc6 7. Ne2 cxd4 8. cxd4 f6 9. exf6 Nxf6 10. O-O Bd6 11. Nf3 Qc7 12. Bg5 O-O 13. Bh4 Nh5 14. Qc2 h6 15. Bh7+ Kh8 16. Bg6 Nf4 17. Nxf4 Bxf4 18. Bg3 Qb6 19. Qd3 Bd7 20. Rfe1 Bxg3 21. hxg3 Rf6 22. g4 e5 23. Nxe5 Nxe5 24. Rxe5 Rxg6 0-1

[Event "ESP-chT Primera Division 2019"]
[Site "Linares"]
[Date "2019.08.30"]
[Round "5.12"]
[White "Garcia-Castany Musellas, Gal.la"]
[Black "Bermudez Revuelta, Paula"]
[Result "1-0"]
[ECO "B53"]
[WhiteElo "2149"]
[BlackElo "1702"]
[Annotator "NA"]
[PlyCount "49"]
[EventDate "2019.08.26"]
[EventType "team-tourn"]
[EventCountry "ESP"]
[SourceTitle "playchess.com"]
[Source "ChessBase"]
[SourceQuality "1"]
[TimeControl "5400+30"]

1. e4 c5 2. Nf3 d6 3. d4 cxd4 4. Qxd4 Nc6 5. Bb5 Bd7 6. Qd3 Nf6 7. Nc3 e6 8. Bf4 a6 9. Bxc6 Bxc6 10. O-O-O Be7 11. Rhe1 d5 12. e5 Nd7 13. Nd4 Bg5 14. Qg3 Bxf4+ 15. Qxf4 Rc8 16. Qg4 O-O 17. Rd3 Kh8 18. Rg3 Rg8 19. Rh3 Rf8 20. Ree3 Qe7 21. Reg3 f5 22. Qg6 h6 23. f4 Nc5 24. b4 Be8 25. Rxh6+ 1-0

[Event "ESP-chT Primera Division 2019"]
[Site "Linares"]
[Date "2019.08.30"]
[Round "5.16"]
[White "Arizmendi Martinez, Julen Luis"]
[Black "Alshameary Puente, Ismael"]
[Result "1-0"]
[ECO "A50"]
[WhiteElo "2512"]
[BlackElo "2444"]
[Annotator "ChessBase"]
[PlyCount "63"]
[EventDate "2019.08.26"]
[EventType "team-tourn"]
[EventCountry "ESP"]
[SourceTitle "playchess.com"]
[Source "ChessBase"]
[SourceQuality "1"]
[TimeControl "5400+30"]

1. d4 Nf6 2. c4 b6 3. Nc3 Bb7 4. d5 e6 5. a3 exd5 6. cxd5 Bc5 7. g3 b5 8. Bg2 a6 9. e4 O-O 10. Nge2 d6 11. O-O c6 12. b4 Bb6 13. Nd4 cxd5 14. exd5 Qc7 15. Bb2 Nbd7 16. Rc1 Bxd4 17. Qxd4 Qb6 18. Ne4 Qxd4 19. Bxd4 Nxe4 20. Bxe4 Rfe8 21. f3 Rac8 22. Bf5 Rxc1 23. Rxc1 Ne5 24. Bxe5 Rxe5 25. Bd7 Kf8 26. Bc6 Bxc6 27. dxc6 Re8 28. Rd1 Ke7 29. Re1+ Kf8 30. Rd1 Ke7 31. Re1+ Kf8 32. Rd1 1-0

[Event "ESP-chT Primera Division 2019"]
[Site "Linares"]
[Date "2019.08.30"]
[Round "5.17"]
[White "Cori T., Deysi"]
[Black "Llobell Cortell, Enrique"]
[Result "1/2-1/2"]
[ECO "A46"]
[WhiteElo "2400"]
[BlackElo "2400"]
[Annotator "NA"]
[PlyCount "60"]
[EventDate "2019.08.26"]
[EventType "team-tourn"]
[EventCountry "ESP"]
[SourceTitle "playchess.com"]
[Source "ChessBase"]
[SourceQuality "1"]
[TimeControl "5400+30"]

1. d4 Nf6 2. Nf3 d5 3. c4 e6 4. e3 a6 5. c5 b6 6. cxb6 c5 7. Nc3 cxd4 8. Nxd4 Qxb6 9. Bd2 Nbd7 10. Rc1 Bd6 11. Na4 Qb7 12. Nc6 O-O 13. Bd3 Nb6 14. Nxb6 Qxb6 15. Bc3 Nd7 16. Bd4 Qb7 17. f4 Re8 18. O-O Nf8 19. Qh5 Bd7 20. Ne5 Bb5 21. Bxb5 axb5 22. a3 f6 23. Nd3 Rac8 24. Qg4 Qf7 25. h3 Rc4 26. Rc3 Rec8 27. Rb3 Rb8 28. Qf3 Kh8 29. Kh1 Nd7 30. Qe2 Qg6 1/2-1/2

[Event "ESP-chT Primera Division 2019"]
[Site "Linares"]
[Date "2019.08.30"]
[Round "5.18"]
[White "Garcia Martin, Marta"]
[Black "Antunez Munoz, Ines"]
[Result "1-0"]
[ECO "C03"]
[WhiteElo "2313"]
[BlackElo "1891"]
[Annotator "NA"]
[PlyCount "87"]
[EventDate "2019.08.26"]
[EventType "team-tourn"]
[EventCountry "ESP"]
[SourceTitle "playchess.com"]
[Source "ChessBase"]
[SourceQuality "1"]
[TimeControl "5400+30"]

1. e4 e6 2. d4 d5 3. Nd2 Be7 4. Bd3 c5 5. dxc5 Nf6 6. Qe2 O-O 7. Ngf3 a5 8. c3 Na6 9. e5 Nd7 10. h4 f5 11. Bxa6 Rxa6 12. b4 Qc7 13. O-O Ra8 14. Nb3 b6 15. Nbd4 Nb8 16. cxb6 Qxb6 17. b5 Bd7 18. a4 Be8 19. c4 dxc4 20. Qxc4 Bf7 21. Be3 Qb7 22. Rac1 Ba3 23. Rc2 Nd7 24. Nc6 Nb6 25. Bxb6 Qxb6 26. Ng5 Rfe8 27. Rd1 h6 28. Nxf7 Kxf7 29. Rd7+ Kg8 30. Rc3 Bf8 31. Rg3 Kh8 32. Rg6 Rac8 33. Rxe6 Rxe6 34. Qxe6 Qc5 35. Qxf5 Re8 36. Rf7 Kg8 37. Qg6 Qc1+ 38. Kh2 Ra8 39. b6 Qb2 40. b7 Rb8 41. Nxb8 Qxe5+ 42. f4 Qxb8 43. Qe6 Kh8 44. Qc8 1-0

[Event "ESP-chT Primera Division 2019"]
[Site "Linares"]
[Date "2019.08.30"]
[Round "5.22"]
[White "Sousa, Andre Ventura"]
[Black "Cramling, Pia"]
[Result "1/2-1/2"]
[ECO "A37"]
[WhiteElo "2362"]
[BlackElo "2493"]
[Annotator "ChessBase"]
[PlyCount "43"]
[EventDate "2019.08.26"]
[EventType "team-tourn"]
[EventCountry "ESP"]
[SourceTitle "playchess.com"]
[Source "ChessBase"]
[SourceQuality "1"]
[TimeControl "5400+30"]

1. Nf3 c5 2. g3 g6 3. Bg2 Bg7 4. c4 Nc6 5. Nc3 d6 6. d3 e6 7. Bd2 Nge7 8. h4 h6 9. Qc1 b6 10. h5 g5 11. Nxg5 hxg5 12. Bxg5 f6 13. h6 fxg5 14. hxg7 Rxh1+ 15. Bxh1 Bb7 16. Qxg5 Kd7 17. O-O-O Ng8 18. f4 Kc7 19. Nb5+ Kd7 20. Nc3 Kc7 21. Nb5+ Kd7 22. Nc3 1/2-1/2

[Event "ESP-chT Primera Division 2019"]
[Site "Linares"]
[Date "2019.08.30"]
[Round "5.23"]
[White "Castellanos Rodriguez, Renier"]
[Black "Gomez Dieguez, David"]
[Result "1/2-1/2"]
[ECO "A33"]
[WhiteElo "2493"]
[BlackElo "2296"]
[Annotator "ChessBase"]
[PlyCount "63"]
[EventDate "2019.08.26"]
[EventType "team-tourn"]
[EventCountry "ESP"]
[SourceTitle "playchess.com"]
[Source "ChessBase"]
[SourceQuality "1"]
[TimeControl "5400+30"]

1. c4 Nf6 2. Nc3 c5 3. Nf3 Nc6 4. d4 cxd4 5. Nxd4 e6 6. a3 a6 7. e4 d6 8. Be3 Bd7 9. Be2 Be7 10. O-O O-O 11. Rc1 Nxd4 12. Qxd4 Qc7 13. Rfd1 Rac8 14. b4 Rfd8 15. f3 Be8 16. Qb6 Qb8 17. Qa7 Qxa7 18. Bxa7 Nd7 19. Be3 Ne5 20. Bb6 Rd7 21. Na4 Bg5 22. Rc3 Re7 23. Nb2 d5 24. exd5 exd5 25. Bc5 d4 26. Bxe7 dxc3 27. Bxg5 cxb2 28. Rb1 Nxc4 29. Bxc4 Rxc4 30. Rxb2 Rc3 31. Re2 Bc6 32. Re3 1/2-1/2

[Event "ESP-chT Primera Division 2019"]
[Site "Linares"]
[Date "2019.08.30"]
[Round "5.24"]
[White "Hernandez Estevez, Yudania"]
[Black "Oliva Castaneda, Kevel"]
[Result "0-1"]
[ECO "B84"]
[WhiteElo "2247"]
[BlackElo "2479"]
[Annotator "ChessBase"]
[PlyCount "86"]
[EventDate "2019.08.26"]
[EventType "team-tourn"]
[EventCountry "ESP"]
[SourceTitle "playchess.com"]
[Source "ChessBase"]
[SourceQuality "1"]
[TimeControl "5400+30"]

1. e4 c5 2. Nf3 d6 3. d4 cxd4 4. Nxd4 Nf6 5. Nc3 a6 6. Be2 e6 7. Be3 Be7 8. Qd2 Qc7 9. O-O-O Nc6 10. g4 b5 11. g5 Nd7 12. Bxb5 axb5 13. Ndxb5 Qa5 14. Nxd6+ Bxd6 15. Qxd6 Nce5 16. Qd4 O-O 17. h4 Ba6 18. h5 Rfc8 19. h6 Rc4 20. Qd6 Rxc3 21. bxc3 Qxa2 22. Qb4 Nd3+ 23. Rxd3 Bxd3 24. Qb2 Bxe4 25. Rd1 Qa1+ 26. Qxa1 Rxa1+ 27. Kd2 Rxd1+ 28. Kxd1 gxh6 29. gxh6 Kf8 30. c4 Ke7 31. c5 Ne5 32. Ke2 Bxc2 33. Bf4 Nc6 34. Bd6+ Kd7 35. Ke3 Nd8 36. f4 f6 37. Kd4 Bb3 38. Bf8 Bd5 39. Bd6 Nc6+ 40. Ke3 Ke8 41. Kf2 Kf7 42. Kg3 Kg6 43. Bf8 Nd4 0-1